Map: Taito Citadel LE

Players

VITRyung (Ryung)

  • Race: Terran Terran
  • League: Grandmaster
  • Spawn Location: 5:00

SZsOs (sOs) - Winner!

  • Race: Protoss Protoss
  • Spawn Location: 11:00

VOD

Have the link to the VOD?

Description

Time

  • Played on: Jan. 30, 2026, 3:15 p.m.
  • Length: 16:24
Show
View Real Time Build Order
Export as new Build Order

VITRyung Terran 

Build Orders: Cyclone Opening 

Get SALT Encoding   

  12  0:00  SCV  
  13  0:12  SCV  
  14  0:16  Supply Depot  
  14  0:24  SCV  
  15  0:38  SCV  
  15  0:39  Barracks  
  16  0:43  Refinery  
  16  0:50  SCV  
  17  1:02  SCV  
  18  1:14  SCV  
  19  1:26  Orbital Command  
  19  1:34  Command Center  
  19  1:37  Marine  
  20  1:50  Factory  
  20  1:52  SCV  
  21  2:02  Supply Depot  
  21  2:04  SCV  
  21  2:05  Barracks Tech Lab  
  22  2:17  SCV, Barracks  
  23  2:29  SCV  
  24  2:31  Refinery  
  24  2:41  SCV  
  24  2:42  Cyclone  
  28  2:48  Barracks Reactor  
  28  2:49  Orbital Command  
  28  2:53  SCV  
  29  3:01  Barracks  
  29  3:05  SCV  
  30  3:15  Engineering Bay  
  30  3:17  SCV x2  
  32  3:23  Marine  
  32  3:24  Marine  
  32  3:27  Stimpack, Marine  
  34  3:29  Factory Tech Lab  
  34  3:31  SCV  
  34  3:32  SCV  
  37  3:41  Terran Infantry Weapons Level 1  
  37  3:43  SCV  
  37  3:44  SCV  
  37  3:46  Bunker  
  37  3:47  Marauder, Marine  
  42  3:50  Marine  
  42  3:53  Marine  
  43  3:59  SCV x2  
  42  4:11  Marine, SCV x2  
  45  4:23  SCV  
  46  4:25  Starport, SCV  
  46  4:26  Factory Reactor  
  46  4:27  Supply Depot  
  46  4:30  Supply Depot  
  45  4:31  Combat Shield  
  45  4:35  SCV  
  46  4:46  Supply Depot  
  46  4:48  Marine x2, SCV x2  
  46  4:49  Marauder x2  
  46  4:52  Supply Depot  
  54  5:01  SCV x2  
  54  5:05  Refinery  
  56  5:08  Medivac  
  56  5:09  Supply Depot, Marine x2  
  56  5:12  Medivac, Marine x2  
  64  5:14  SCV  
  64  5:15  SCV  
  66  5:22  Supply Depot  
  66  5:23  Factory Reactor  
  66  5:26  SCV  
  66  5:27  SCV  
  68  5:33  Supply Depot, Marine x2  
  68  5:35  Marauder  
  72  5:36  Marauder  
  72  5:41  SCV x2  
  72  5:42  Refinery  
  76  5:46  Medivac  
  78  5:53  SCV x2, Marine x2  
  78  5:55  Marine  
  83  5:57  Terran Infantry Armor Level 1, Marine  
  83  6:02  Supply Depot  
  84  6:15  Widow Mine x2  
  84  6:16  Marine  
  84  6:18  Marine x2  
  90  6:20  Marine  
  90  6:22  Command Center  
  90  6:25  Medivac  
  92  6:34  Marine  
  92  6:38  Marine, Marauder  
  92  6:39  Marauder  
  95  6:41  Widow Mine x2  
  95  6:47  SCV x2  
  95  6:49  Missile Turret x2  
  95  6:51  Marine  
  88  7:00  Marauder  
  87  7:09  SCV  
  87  7:14  Marauder  
  86  7:22  SCV x2  
  88  7:24  Medivac  
  88  7:28  Medivac  
  92  7:33  Widow Mine x2  
  96  7:39  Marauder  
  96  7:44  Orbital Command  
  96  7:47  SCV x2  
  98  7:53  Marine, Marauder  
  100  7:59  Medivac  
  100  8:00  Marauder  
  104  8:10  SCV x2  
  104  8:11  SCV  
  107  8:17  Concussive Shells  
  106  8:22  Marauder x2, SCV  
  106  8:23  Barracks  
  106  8:25  Barracks, SCV  
  106  8:26  SCV  
  113  8:29  Widow Mine  
  115  8:34  Supply Depot  
  115  8:36  Marine  
  115  8:37  Marine  
  112  8:43  Marine  
  112  8:44  Marauder  
  112  8:46  SCV x2  
  112  8:54  Marine x2  
  104  8:57  SCV  
  104  8:58  SCV  
  104  9:01  Marauder  
  97  9:05  Medivac, Widow Mine x2, Marauder  
  103  9:12  Marine  
  103  9:13  Missile Turret, SCV  
  103  9:14  SCV x2  
  107  9:23  Marauder, Armory  
  109  9:25  Barracks Tech Lab, SCV  
  109  9:26  Barracks Reactor, Marine, Widow Mine, Marauder  
  109  9:27  Widow Mine  
  109  9:30  Marine, Supply Depot  
  118  9:34  SCV x2  
  118  9:35  Engineering Bay  
  120  9:48  Marine  
  120  9:49  Marine, Marauder x3  
  120  9:50  Viking x2  
  130  9:56  Supply Depot  
  130  9:58  Refinery, Starport  
  130  10:00  SCV x3  
  130  10:03  Refinery  
  130  10:06  Bunker  
  133  10:10  Supply Depot, Terran Infantry Weapons Level 2  
  133  10:11  Terran Infantry Armor Level 2  
  133  10:12  SCV  
  133  10:13  SCV  
  136  10:14  SCV  
  136  10:23  Viking x2  
  140  10:31  Terran Ship Weapons Level 1  
  140  10:32  Command Center  
  140  10:36  Supply Depot  
  140  10:37  Viking  
  140  10:40  Sensor Tower  
  140  10:42  Viking  
  143  10:43  Marauder  
  143  10:47  Marine  
  143  10:48  Marine x3  
  149  10:51  Marauder  
  149  10:52  Widow Mine  
  153  11:00  Supply Depot x2  
  149  11:04  Marauder  
  149  11:05  Marauder, Marine x3  
  154  11:18  Ghost Academy  
  154  11:20  Widow Mine, Supply Depot  
  154  11:25  Liberator, Supply Depot  
  159  11:28  Liberator  
  159  11:32  Medivac  
  164  11:35  Liberator  
  167  11:41  Widow Mine  
  167  11:45  Missile Turret  
  169  11:47  Ghost x2  
  169  11:48  Missile Turret  
  169  11:51  Ghost  
  175  11:56  Sensor Tower  
  175  12:04  SCV x3  
  175  12:06  Sensor Tower  
  178  12:11  Barracks  
  178  12:14  Barracks  
  178  12:16  Planetary Fortress, Barracks  
  177  12:23  SCV x3  
  171  12:31  Marine x2, Marauder x3  
  171  12:37  Marine x2  
  157  12:42  SCV x2  
  157  12:43  SCV  
  162  12:46  Terran Infantry Weapons Level 3  
  162  12:52  Marauder x3  
  162  12:53  Sensor Tower  
  162  12:56  Liberator x2  
  162  12:57  Liberator  
  177  13:01  SCV x3  
  177  13:03  SCV  
  181  13:09  Terran Infantry Armor Level 3  
  181  13:18  Marauder x2  
  185  13:20  Command Center  
  185  13:27  Sensor Tower  
  185  13:32  Barracks Tech Lab x2, Barracks Reactor  
  185  13:37  Fusion Core  
  185  13:40  Missile Turret  
  185  13:42  Ghost  
  185  13:44  Marauder  
  181  13:57  Bunker  
  181  13:58  Liberator, Refinery  
  181  13:59  Refinery  
  181  14:01  Ghost  
  186  14:05  Marauder x2  
  186  14:06  Marauder  
  192  14:16  Marauder, Marine  
  168  14:27  Marauder x3  
  168  14:28  Marine  
  168  14:29  Marine  
  168  14:30  Marauder  
  148  14:37  Marauder, Marine x2  
  148  14:38  Marine  
  123  14:45  Marine  
  123  14:46  Marine  
  123  14:48  Marauder x3  
  123  14:50  Caduceus Reactor  
  123  14:52  Marauder  
  133  14:55  Marine x2  
  133  14:56  Medivac x2  
  133  14:58  Marauder  
  133  14:59  Medivac  
  143  15:09  Marauder x2  
  143  15:10  Marauder  
  143  15:13  Marauder  
  131  15:15  Marine  
  131  15:20  Marauder  
  131  15:21  Viking  
  124  15:29  Marine  
  124  15:31  Marauder x3, Viking  
  124  15:34  Marauder  
  135  15:37  Viking  
  135  15:41  Marine  
  138  15:48  Marauder, Marine  
  123  16:00  Marauder x2, Marine x2  
  123  16:03  Marine  
Show
View Real Time Build Order
Export as new Build Order

SZsOs Protoss - Winner!

Build Orders: 1 Gate Expand 

Get SALT Encoding   

  12  0:00  Probe  
  13  0:12  Probe  
  14  0:18  Pylon  
  14  0:24  Probe  
  15  0:36  Probe, Gateway  
  16  0:42  Assimilator  
  16  0:48  Probe  
  17  1:00  Probe  
  18  1:13  Nexus  
  18  1:23  Cybernetics Core  
  18  1:26  Probe  
  18  1:32  Assimilator  
  19  1:38  Probe  
  20  1:41  Pylon  
  20  1:49  Adept  
  20  1:50  Warp Gate, Probe  
  23  2:02  Probe  
  24  2:15  Probe  
  25  2:16  Stalker  
  27  2:25  Probe  
  27  2:27  Probe  
  29  2:37  Probe  
  29  2:38  Gateway  
  29  2:39  Probe  
  29  2:43  Gateway  
  31  2:48  Sentry  
  31  2:49  Probe  
  34  2:52  Probe  
  35  2:58  Probe  
  35  2:59  Pylon  
  35  3:05  Probe  
  37  3:06  Probe  
  38  3:16  Probe  
  38  3:17  Probe  
  40  3:28  Probe  
  40  3:29  Probe  
  42  3:40  Stalker  
  42  3:41  Stalker x2  
  48  3:43  Nexus  
  48  3:45  Probe  
  48  3:47  Probe  
  50  3:51  Pylon  
  50  3:57  Probe  
  50  3:59  Probe  
  50  4:01  Twilight Council  
  52  4:09  Charge  
  50  4:16  Probe x2  
  52  4:18  Sentry  
  52  4:23  Gateway x2  
  54  4:24  Forge, Probe x2  
  54  4:29  Assimilator  
  56  4:32  Probe x2  
  56  4:38  Phoenix  
  58  4:39  Protoss Ground Armor Level 1, Gateway  
  58  4:43  Probe x2  
  60  4:52  Pylon  
  60  4:55  Probe x2, Dark Shrine  
  62  5:05  Zealot x3, Probe  
  69  5:07  Probe x2  
  71  5:18  Probe, Zealot  
  71  5:19  Probe, Zealot, Pylon  
  77  5:22  Pylon  
  77  5:32  Shield Battery  
  77  5:35  Pylon  
  77  5:37  Probe x3  
  77  5:40  Blink  
  77  5:42  Zealot x5  
  90  5:43  Zealot  
  92  5:50  Photon Cannon  
  92  5:55  Gateway  
  92  5:56  Pylon  
  92  6:00  Pylon  
  90  6:08  Dark Templar x2  
  94  6:12  Zealot x3  
  94  6:14  Zealot  
  94  6:16  Probe  
  99  6:33  Zealot x3  
  101  6:43  Stalker x3  
  101  6:46  Probe x2  
  105  6:48  Protoss Ground Weapons Level 1  
  105  6:52  Photon Cannon  
  103  6:57  Nexus  
  103  6:58  Zealot x4  
  105  7:17  Probe x3  
  105  7:20  Robotics Facility  
  105  7:21  Photon Cannon, Shield Battery  
  108  7:23  Pylon  
  108  7:28  Photon Cannon  
  108  7:30  Shield Battery  
  108  7:41  Stalker  
  108  7:42  Stalker  
  108  7:44  Stalker  
  114  7:51  Pylon  
  114  7:56  Forge  
  114  8:01  Protoss Ground Armor Level 2  
  114  8:02  Gateway  
  114  8:04  Gateway  
  114  8:08  Probe  
  114  8:09  Probe x2, Photon Cannon  
  114  8:12  Robotics Facility  
  117  8:13  Dark Templar  
  117  8:15  Zealot x5  
  117  8:16  Immortal  
  117  8:18  Robotics Bay  
  131  8:33  Probe  
  132  8:40  Probe x2  
  132  8:42  Protoss Ground Weapons Level 2  
  128  8:50  Zealot  
  128  8:51  Zealot x6  
  128  8:52  Probe  
  128  8:54  Colossus  
  114  9:08  Zealot x2  
  122  9:10  Probe x3  
  122  9:12  Probe  
  122  9:16  Pylon  
  126  9:18  Pylon  
  126  9:19  Pylon  
  126  9:26  Nexus, Zealot x3  
  126  9:27  Pylon  
  132  9:31  Photon Cannon  
  132  9:33  Photon Cannon  
  132  9:35  Assimilator  
  132  9:42  Zealot x5  
  132  9:43  Zealot  
  132  9:45  Colossus  
  140  9:58  Probe x2  
  148  10:06  Photon Cannon  
  148  10:07  Shield Battery  
  148  10:08  Zealot x8  
  164  10:19  Extended Thermal Lance  
  164  10:21  Pylon  
  164  10:27  Protoss Ground Armor Level 3  
  164  10:29  Pylon  
  164  10:33  Pylon  
  164  10:36  Disruptor  
  164  10:37  Disruptor  
  164  10:39  Zealot x6  
  164  10:40  Zealot x3  
  178  11:07  Probe  
  178  11:08  Probe x3  
  172  11:16  Disruptor x2  
  172  11:18  Probe  
  173  11:23  Nexus  
  173  11:24  Assimilator  
  173  11:25  Assimilator  
  173  11:29  Stalker x3  
  173  11:30  Zealot x6  
  199  11:37  Shadow Stride  
  199  11:43  Pylon  
  199  11:46  Gateway  
  199  11:49  Gateway  
  199  11:50  Gateway  
  199  11:56  Gateway  
  197  12:03  Dark Templar  
  199  12:12  Shield Battery  
  199  12:14  Photon Cannon  
  199  12:15  Photon Cannon  
  199  12:16  Photon Cannon x2  
  199  12:18  Photon Cannon, Shield Battery  
  199  12:19  Shield Battery  
  199  12:20  Shield Battery  
  199  12:22  Shield Battery  
  199  12:23  Shield Battery  
  199  12:26  Shield Battery  
  199  12:28  Disruptor  
  135  12:37  Disruptor  
  135  12:38  Stalker x7, Protoss Ground Weapons Level 3  
  135  12:39  Stalker x2  
  149  12:44  Probe  
  149  12:45  Probe x5  
  155  12:51  Nexus  
  155  13:01  Probe x2  
  155  13:02  Probe x4  
  155  13:05  Photon Cannon  
  161  13:06  Photon Cannon  
  161  13:08  Shield Battery  
  161  13:12  Pylon  
  159  13:18  Zealot x10  
  159  13:19  Zealot x3  
  185  13:21  Pylon  
  185  13:39  Dark Templar  
  187  13:42  Zealot  
  187  13:45  Stalker  
  187  13:46  Stalker x4  
  187  14:05  Stalker x6  
  197  14:10  Zealot  
  175  14:26  Zealot x3  
  175  14:27  Zealot x3  
  175  14:28  Zealot x6  
  189  14:31  Colossus  
  175  14:44  Stalker  
  173  14:53  Stalker x7  
  173  14:54  Zealot x5  
  169  15:15  Colossus  
  169  15:17  Zealot  
  169  15:18  Zealot x11  
  169  15:19  Zealot  
  179  15:21  Colossus  
  187  15:36  Assimilator  
  187  15:38  Dark Templar  
  187  15:39  Dark Templar x5  
  199  15:48  Nexus  
  171  16:06  Zealot x7  
Tags
 
Add a new tag
Caveats
  • Supply blocks, unpowered buildings, or Contaminate may cause inaccurate times.
  • Supply counts are checked every 10 seconds.